Map: Frost LE

Players

DonaldTrump

  • Race: Terran Terran
  • League: Diamond

Tenonee - Winner!

  • Race: Terran Terran

VOD

Have the link to the VOD?

Description

Time

  • Played on: July 18, 2016, 9:01 a.m.
  • Length: 21:04
Show
View Real Time Build Order
Export as new Build Order

DonaldTrump Terran 

Build Orders: Reaper Expand, MMM Bio, Banshee Rush 

Get SALT Encoding   

  12  0:01  SCV  
  13  0:14  Supply Depot  
  13  0:18  SCV  
  15  0:36  Barracks  
  15  0:40  Refinery  
  14  0:44  SCV  
  15  0:56  SCV  
  16  1:08  SCV  
  17  1:20  SCV  
  18  1:29  Reaper  
  19  1:38  Command Center  
  19  1:41  SCV  
  20  1:55  SCV  
  20  2:01  Marine  
  21  2:09  Factory  
  21  2:12  SCV  
  22  2:17  Supply Depot  
  22  2:22  Refinery  
  22  2:23  Marine  
  23  2:49  Marine  
  23  2:50  SCV  
  24  2:53  Orbital Command  
  24  2:54  Factory Tech Lab  
  24  3:00  Starport  
  24  3:18  Barracks Tech Lab  
  24  3:21  SCV  
  24  3:22  SCV  
  26  3:32  Engineering Bay  
  26  3:36  Starport Tech Lab  
  26  3:40  Marine, SCV  
  28  3:46  SCV  
  32  3:54  Cloaking Field  
  29  3:58  SCV  
  29  4:00  Banshee  
  29  4:01  Marine  
  29  4:02  SCV  
  35  4:06  Missile Turret  
  35  4:13  Siege Tank  
  35  4:15  SCV  
  39  4:23  Bunker  
  39  4:24  Marine  
  39  4:27  SCV  
  39  4:29  SCV  
  42  4:32  Missile Turret  
  42  4:43  Banshee  
  42  4:44  Supply Depot  
  45  4:47  Marine  
  46  4:54  Barracks  
  46  5:03  Stimpack  
  46  5:05  Marine, SCV  
  48  5:07  Supply Depot  
  48  5:12  Terran Infantry Weapons Level 1  
  48  5:17  Engineering Bay  
  48  5:21  SCV  
  48  5:23  Marine  
  48  5:25  SCV  
  51  5:33  SCV  
  52  5:37  SCV  
  53  5:45  Marine, SCV  
  53  5:47  Command Center  
  55  5:52  SCV  
  55  5:53  Marine  
  57  6:02  Marine  
  58  6:04  SCV  
  58  6:11  Marine  
  57  6:20  Marine  
  57  6:21  SCV  
  57  6:22  SCV  
  60  6:29  Marine  
  53  6:33  SCV  
  53  6:38  Marine  
  55  6:46  Widow Mine, Marine  
  56  6:51  Barracks  
  56  6:53  Barracks  
  58  6:56  Marine  
  59  7:04  Marine  
  57  7:14  Marine  
  57  7:15  Orbital Command  
  58  7:22  Marine  
  56  7:28  Barracks  
  56  7:29  Barracks  
  56  7:30  Terran Infantry Armor Level 1, Barracks  
  56  7:31  Barracks  
  56  7:32  Marine  
  57  7:38  Siege Tank  
  57  7:43  Starport Reactor  
  61  7:47  SCV  
  61  7:48  SCV  
  66  7:53  Barracks Reactor x3  
  66  7:55  Marauder  
  64  7:59  SCV  
  64  8:00  SCV  
  64  8:01  Supply Depot  
  64  8:03  Armory  
  66  8:06  Refinery  
  66  8:07  Refinery  
  66  8:09  Sensor Tower  
  66  8:10  Missile Turret, Siege Tank  
  69  8:16  Marine  
  69  8:17  Combat Shields  
  70  8:20  Marine x3  
  70  8:21  Marine  
  70  8:24  SCV x2  
  76  8:34  Marine x2  
  76  8:35  Marine x5  
  76  8:38  Marine x2  
  85  8:45  Supply Depot  
  85  8:58  Marine x4  
  85  8:59  Siege Tank  
  85  9:00  Supply Depot  
  93  9:06  Viking, Marine x3, Marauder  
  101  9:12  Supply Depot  
  101  9:14  Supply Depot  
  101  9:15  Barracks Reactor, SCV  
  101  9:16  Marine  
  101  9:18  Barracks Reactor x3  
  101  9:21  Barracks Tech Lab, Marine  
  101  9:22  Marine  
  101  9:24  Marine x3  
  103  9:27  Marine, SCV  
  108  9:34  Marine, Siege Tank  
  109  9:39  SCV  
  109  9:41  SCV  
  109  9:44  SCV  
  110  9:46  Marauder  
  110  9:51  Medivac x2, SCV  
  117  9:53  Terran Infantry Weapons Level 2, SCV  
  118  10:02  Terran Infantry Armor Level 2  
  118  10:05  SCV x2  
  121  10:07  Marauder  
  122  10:15  Marine, Marauder  
  125  10:25  Supply Depot  
  125  10:27  Supply Depot  
  125  10:30  Planetary Fortress  
  125  10:41  Missile Turret  
  125  10:43  Missile Turret  
  125  10:45  Missile Turret  
  125  10:46  Sensor Tower  
  125  10:47  Marauder, Viking, Marine x2, SCV x2  
  125  10:48  Marine x3, Refinery  
  125  10:49  Marine x2, Marauder  
  139  10:59  SCV x2  
  139  11:01  Marine  
  141  11:05  Marine  
  141  11:06  Marine x2  
  141  11:10  Marine  
  141  11:24  Marine x6, Marauder  
  149  11:32  Missile Turret  
  149  11:35  Supply Depot  
  149  11:37  Supply Depot  
  149  11:46  Supply Depot  
  149  11:56  Marine x4, Marauder  
  149  11:57  Marauder  
  149  11:58  Supply Depot, Marine x8  
  165  12:08  Siege Tank  
  168  12:14  Marine x2  
  170  12:16  Marine  
  170  12:18  Marauder x2  
  167  12:25  SCV  
  167  12:27  Marine  
  167  12:28  Marine x8  
  177  12:32  Marine x2  
  177  12:34  Marine  
  180  12:44  Supply Depot  
  180  12:45  Marine  
  180  12:47  Marine x4  
  180  12:48  Marauder x2  
  189  12:56  Starport  
  189  13:06  Viking, Marine x2, Siege Tank  
  189  13:11  Marauder x2  
  149  13:21  Marine x9  
  149  13:22  Marine  
  158  13:32  Marauder  
  158  13:33  Marauder  
  162  13:37  Widow Mine  
  164  13:42  Command Center  
  164  13:51  Starport Reactor  
  164  13:53  Marine x6, Medivac  
  164  13:54  Marine x2, Marauder x2  
  178  13:57  Refinery  
  178  13:58  Medivac  
  180  14:13  Marine  
  180  14:15  Marauder  
  180  14:16  Marauder  
  185  14:23  Viking  
  187  14:28  Medivac  
  186  14:37  Marauder x2  
  156  14:42  Medivac x2, Siege Tank  
  156  14:43  Marine x2  
  156  14:44  Marine x6  
  156  14:58  Marauder x2  
  154  15:19  Missile Turret, Marauder  
  154  15:20  Marauder, Marine x3, SCV  
  154  15:21  Medivac x3  
  170  15:29  Siege Tank  
  171  15:41  Sensor Tower  
  171  15:43  Planetary Fortress  
  169  16:02  Siege Tank  
  172  16:14  Command Center  
  172  16:15  Viking x3  
  172  16:17  Marine  
  179  16:32  Viking  
  178  16:45  Viking  
  138  17:24  Marauder x2  
  138  17:25  Marine x12  
  154  17:42  Marine  
  154  17:43  Marine x4  
  157  17:45  Marine, Marauder x2  
  157  17:46  Marine x2  
  132  18:07  Marauder x2  
  121  18:16  Marine x10  
  117  18:22  Widow Mine  
  117  18:23  Marine  
  117  18:24  Marine  
  104  18:28  Marauder x2  
  104  18:33  Marine  
  99  18:34  Marine  
  91  18:50  Marauder x2  
  91  18:54  Widow Mine  
  82  18:55  Marine  
  82  18:56  Marine x11  
  94  19:03  Missile Turret  
  94  19:04  Refinery  
  94  19:11  Marauder x2, Refinery  
  94  19:12  Refinery  
  94  19:13  Marine  
  94  19:14  Marine x3  
  102  19:18  Marine  
  102  19:19  Marine x3  
  106  19:30  SCV  
  107  19:36  SCV  
  108  19:42  SCV  
  109  19:46  Marine x3, Marauder x2  
  109  19:48  SCV  
  117  19:58  Siege Tank  
  117  19:59  Marine x3  
  123  20:00  Marine x6  
  123  20:03  Refinery  
  123  20:04  Marine x3  
  132  20:07  Marine x2  
  133  20:17  Marine x4  
  133  20:18  Marine x3  
  136  20:25  Marine x5  
  136  20:26  Marauder x2  
  145  20:30  Widow Mine  
  145  20:35  Marine  
Show
View Real Time Build Order
Export as new Build Order

Tenonee Terran - Winner!

Build Orders: MMM Bio 

Get SALT Encoding   

  12  0:01  SCV  
  13  0:14  SCV  
  14  0:18  Supply Depot  
  14  0:26  SCV  
  15  0:39  SCV  
  15  0:42  Barracks  
  16  0:53  SCV  
  17  1:05  SCV  
  18  1:17  SCV  
  19  1:22  Command Center  
  19  1:34  Orbital Command  
  19  1:36  Marine  
  20  1:44  Supply Depot  
  20  2:01  Marine, Barracks  
  20  2:05  SCV  
  22  2:18  SCV  
  22  2:19  Marine  
  24  2:30  SCV  
  25  2:42  SCV  
  25  2:44  Refinery  
  25  2:45  Refinery  
  25  2:47  Orbital Command  
  25  2:52  Marine x2  
  25  2:54  SCV  
  28  3:06  SCV  
  29  3:14  SCV  
  29  3:16  Marine  
  29  3:17  Barracks Tech Lab  
  29  3:18  SCV  
  32  3:26  SCV  
  33  3:27  Command Center  
  33  3:30  SCV  
  34  3:36  Marine, Stimpack  
  34  3:37  Marine  
  34  3:38  SCV  
  37  3:43  SCV  
  38  3:50  SCV  
  38  3:55  Barracks Reactor, SCV  
  41  4:02  SCV  
  41  4:03  Engineering Bay  
  41  4:04  Engineering Bay, Factory  
  41  4:07  SCV  
  42  4:15  SCV  
  43  4:19  SCV  
  43  4:23  Refinery  
  43  4:24  Refinery  
  44  4:27  SCV  
  44  4:31  SCV  
  46  4:35  Supply Depot  
  46  4:39  Marine x3, SCV  
  46  4:40  Orbital Command  
  46  4:43  Terran Infantry Armor Level 1, Terran Infantry Weapons Level 1  
  50  4:47  SCV  
  50  4:51  SCV  
  50  4:52  Factory Tech Lab  
  52  4:57  Marine  
  52  4:59  SCV  
  54  5:02  Starport  
  54  5:03  SCV  
  55  5:11  Marine x2, SCV  
  59  5:15  SCV  
  59  5:26  SCV  
  59  5:27  Marine  
  59  5:28  SCV  
  62  5:30  Orbital Command  
  62  5:31  Siege Tank, Armory  
  62  5:33  Marine x2  
  67  5:38  Supply Depot, SCV  
  67  5:40  SCV  
  68  5:50  SCV  
  68  5:52  SCV  
  68  5:55  Supply Depot  
  70  6:01  Marine x3  
  66  6:12  Siege Tank  
  59  6:19  Marine x2  
  59  6:21  Marine  
  62  6:26  Terran Vehicle Weapons Level 1  
  62  6:27  Barracks  
  62  6:28  Barracks  
  59  6:35  Viking  
  59  6:37  Marine x2  
  59  6:38  Terran Infantry Weapons Level 2, Terran Infantry Armor Level 2  
  60  6:44  Missile Turret  
  60  6:45  Marine  
  53  6:55  Marine x2  
  53  6:59  Orbital Command  
  53  7:03  Marine  
  51  7:08  Missile Turret  
  51  7:13  Marine x2  
  53  7:20  SCV x2  
  55  7:23  Marine  
  55  7:25  Starport Reactor  
  55  7:26  Barracks Reactor  
  55  7:27  Barracks Reactor  
  55  7:29  Siege Tank  
  59  7:31  Marine  
  59  7:33  Marine  
  59  7:37  SCV x3  
  63  7:40  Marine  
  65  7:49  SCV x2  
  67  7:51  Marine x2  
  67  7:56  SCV  
  70  7:58  Marine  
  70  8:01  SCV x2  
  70  8:02  Missile Turret  
  70  8:03  Marine x2  
  75  8:09  Marine  
  76  8:15  Marine x3  
  76  8:16  Viking, Medivac  
  76  8:17  Siege Tank  
  76  8:19  SCV  
  87  8:21  Supply Depot  
  87  8:23  Supply Depot  
  87  8:26  Terran Ship Weapons Level 1  
  87  8:28  Marine x2  
  87  8:32  Liberator, Supply Depot, SCV x2  
  87  8:33  SCV  
  92  8:37  Marine x2  
  93  8:42  Marine  
  93  8:45  Supply Depot  
  93  8:47  SCV x2  
  93  8:48  Combat Shields  
  96  8:49  Medivac  
  96  8:52  Marine x2  
  103  9:01  Marine x5  
  108  9:04  SCV x3  
  111  9:10  Marine x2  
  111  9:13  Supply Depot  
  111  9:16  SCV  
  114  9:17  Refinery x2  
  114  9:18  SCV x2  
  116  9:28  SCV  
  116  9:29  Medivac, Siege Tank  
  116  9:30  SCV  
  116  9:31  SCV  
  124  9:38  Marine x3  
  124  9:39  Marine x4  
  124  9:41  Command Center, SCV  
  132  9:46  Supply Depot  
  132  9:47  Supply Depot  
  132  9:48  Supply Depot  
  132  9:52  Viking  
  134  9:56  Marine x2  
  136  10:08  Marine x5  
  136  10:09  Siege Tank  
  136  10:10  Medivac  
  136  10:14  Supply Depot, Marine  
  147  10:22  Viking  
  149  10:29  Command Center  
  149  10:38  Marine  
  149  10:39  Marine  
  149  10:40  Marine  
  149  10:41  Marine x4  
  156  10:45  Terran Infantry Weapons Level 3  
  156  10:46  Siege Tank  
  159  10:51  Barracks x2  
  159  10:54  Barracks  
  159  10:56  Marine  
  159  10:57  Marine  
  160  10:58  Marine x3  
  164  11:06  Marine x2  
  166  11:15  Marine x2  
  166  11:16  Marine  
  166  11:18  Marine x2  
  169  11:24  Marine x2  
  173  11:32  Viking x2, Marine  
  177  11:33  Marine  
  177  11:37  Supply Depot, Terran Infantry Armor Level 3  
  177  11:38  Supply Depot  
  177  11:39  Terran Ship Weapons Level 2  
  179  11:40  Supply Depot  
  179  11:45  Starport  
  179  11:47  Barracks Reactor x3  
  179  11:48  Fusion Core  
  179  11:50  Planetary Fortress  
  179  12:02  Viking  
  181  12:08  Refinery  
  181  12:10  Refinery  
  181  12:12  Barracks x2  
  175  12:27  Marine x2  
  175  12:28  Missile Turret  
  175  12:29  Missile Turret  
  177  12:36  Marine x6  
  177  12:37  Marine x3  
  183  12:38  Starport Tech Lab  
  183  12:44  Starport  
  186  12:46  Marine x2  
  188  12:57  Marine  
  188  12:58  Marine x10  
  193  13:16  Marine x2  
  193  13:18  Marine  
  139  13:21  Marine x10  
  139  13:22  Liberator  
  139  13:24  Barracks Reactor x2  
  148  13:34  Marine x2  
  147  13:36  Marine  
  147  13:38  Medivac x2, Marine  
  147  13:39  Marine x9  
  147  13:40  Advanced Ballistics  
  166  13:52  Marine x2  
  166  13:54  Marine  
  169  13:56  Marine  
  169  13:57  Marine x4  
  169  14:00  Marine x2  
  169  14:01  Marine  
  177  14:03  Siege Tank  
  177  14:04  Marine  
  177  14:05  Marine  
  177  14:09  Marine  
  180  14:10  Marine  
  180  14:11  Marine  
  183  14:25  Marine x7  
  183  14:27  Marine x2  
  183  14:30  Marine x2  
  172  14:42  Marine x3  
  172  14:43  Marine x3  
  172  14:44  Viking x2  
  172  14:45  Viking  
  177  14:55  Terran Ship Weapons Level 3  
  177  14:57  Planetary Fortress  
  177  14:58  Factory  
  177  15:05  Sensor Tower  
  171  15:24  Marine x4  
  175  15:30  Marine x6  
  175  15:34  Cloaking Field  
  181  15:36  Marine x2  
  181  15:37  Marine  
  184  15:43  Marine  
  184  15:44  Marine  
  184  16:06  Sensor Tower  
  183  16:12  Marine  
  183  16:13  Marine x7  
  191  16:22  Refinery  
  191  16:23  Refinery  
  191  16:28  Marine x2  
  191  16:29  Marine x2  
  194  16:43  Marine x2  
  196  16:52  Marine x3  
  196  16:53  Marine x2  
  200  16:58  Liberator  
  200  16:59  Liberator x2  
  183  17:02  Marine  
  183  17:06  Orbital Command  
  133  17:09  Marine  
  133  17:10  Marine x15  
  133  17:12  Siege Tank  
  139  17:20  Marine  
  146  17:27  Marine  
  146  17:28  Marine x6  
  146  17:29  High Capacity Fuel Tanks  
  151  17:30  Marine x2  
  151  17:32  Marine  
  151  17:33  Marine  
  155  17:41  Liberator x2  
  155  17:42  Liberator  
  155  17:46  Marine x6  
  151  17:57  Marine  
  151  17:58  Marine x9  
  136  18:03  Marine  
  136  18:04  Marine x4  
  130  18:15  Marine  
  130  18:16  Marine x8  
  131  18:21  Marine  
  131  18:22  Marine x3  
  131  18:24  Liberator x3  
  130  18:33  Marine  
  130  18:34  Marine x8  
  125  18:39  Marine  
  125  18:40  Marine, SCV x2  
  125  18:41  Marine x2  
  130  18:51  Marine x2  
  130  18:54  Marine x7  
  128  18:57  Marine  
  128  18:58  Marine x2  
  128  18:59  Marine  
  128  19:01  Starport Reactor  
  128  19:02  Factory Tech Lab  
  132  19:09  Marine x2  
  134  19:11  Marine  
  134  19:12  Marine x6  
  134  19:15  SCV x2  
  143  19:22  Marine  
  143  19:23  Marine x3  
  147  19:24  Medivac x3, Refinery  
  147  19:27  Marine x2  
  147  19:29  Marine  
  147  19:30  Marine, Siege Tank  
  147  19:31  Siege Tank  
  163  19:39  Marine x2  
  163  19:42  Marine x4  
  163  19:43  Marine  
  169  19:55  Marine x2  
  169  19:59  Marine  
  171  20:00  Marine x5  
  171  20:01  Marine  
  171  20:03  Siege Tank x2  
  184  20:18  Marine  
  184  20:19  Marine x3  
  188  20:21  Missile Turret  
  188  20:27  Medivac x5  
  198  20:43  Command Center  
Tags
 
Composition
MMM BioMMM Bio
League
Diamond
Matchup
TvT
Race
Terran
Strategy
Banshee Rush
Add a new tag
Caveats
  • Supply blocks, unpowered buildings, or Contaminate may cause inaccurate times.
  • Supply counts are checked every 10 seconds.